AoeStats
← Don Roscon

African Clearing

511241663Analyzed
3v3 RM · 12d ago on Oct 4, 2026· 44m 21s· 6 players
Game mode
Random Map
Map size
Normal (6 player)
Population
200
Speed
Normal
Resources
Standard
Victory
Conquest
Starting age
Dark Age
Ending age
Imperial Age
RankedLock teamsTeams togetherTeam positionsShared explorationLock speedFull tech treeHidden civsTurbo modeCheats
Victory
Defeat
🇪🇸 Malay · Spain
1421
+15
🇪🇸 Hindustanis · Spain
1410
+15
🇦🇹 Italians · Austria
1355
+17
vs
🇭🇰 Cumans · Hong Kong SAR China
1420
-17
🇮🇳 Persians · India
1377
-15
🇨🇳 Huns · China
1370
-15
jichuo
4:53 Loom
5:17 Loom
12:34 Feudal Age
17:28 Castle Age
16:30 Double-Bit Axe
19:08 Bow Saw
19:23 Stone Mining
20:37 Wheelbarrow
23:58 Gold Mining
25:51 Horse Collar
26:32 Town Watch
34:51 Imperial Age
33:09 Marauders
33:53 Gold Shaft Mining
33:26 Husbandry
33:36 Bloodlines
33:58 Scale Barding Armor
34:04 Forging
35:40 Chain Barding Armor
35:25 Elite Tarkan
38:42 Iron Casting
39:30 Plate Barding Armor
39:33 Conscription
40:18 Padded Archer Armor
41:19 Blast Furnace
41:12 Parthian Tactics
40:53 Thumb Ring
41:10 Fletching
42:19 Hand Cart
lok914
3:54 Loom
13:29 Feudal Age
17:28 Double-Bit Axe
25:28 Castle Age
24:19 Horse Collar
24:39 Stone Mining
27:25 Bow Saw
27:18 Heavy Plow
28:19 Elite Skirmisher
31:20 Ballistics
30:51 Fletching
33:49 Wheelbarrow
33:00 Town Watch
33:12 Gold Mining
36:33 Imperial Age
34:17 Forging
34:13 Scale Barding Armor
34:54 Bloodlines
37:30 Iron Casting
36:43 Cavalier
39:04 Paladin
40:56 Chain Barding Armor
41:02 Steppe Husbandry
42:09 Blast Furnace
42:02 Crop Rotation
42:49 Plate Barding Armor
42:10 Bodkin Arrow
41:46 Crossbowman
45:22 Gold Shaft Mining
Vu_PY
13:42 Feudal Age
17:43 Castle Age
15:47 Double-Bit Axe
18:30 Bow Saw
21:45 Horse Collar
22:51 Fishing Lines
25:19 Wheelbarrow
25:23 Heavy Plow
27:19 Gold Mining
28:34 Loom
32:45 Imperial Age
30:34 Fletching
30:45 Padded Archer Armor
31:15 Bodkin Arrow
30:58 Elite Skirmisher
31:49 Thumb Ring
33:08 Gold Shaft Mining
32:24 Stone Mining
33:03 Leather Archer Armor
34:34 Chemistry
34:35 Ring Archer Armor
34:27 Ballistics
34:52 Town Watch
35:22 Hand Cart
35:36 Bloodlines
35:28 Husbandry
35:35 Scale Barding Armor
35:41 Forging
35:59 Cavalier
37:40 Conscription
Don Roscon
3:55 Loom
15:02 Feudal Age
17:48 Castle Age
16:53 Double-Bit Axe
18:07 Bow Saw
17:52 Horse Collar
22:37 Wheelbarrow
22:46 Heavy Plow
26:17 Gold Mining
26:22 Stone Mining
31:06 Imperial Age
28:54 Forging
29:32 Hand Cart
30:15 Squires
30:00 Arson
30:52 Iron Casting
31:30 Gold Shaft Mining
31:25 Elite Karambit Warrior
34:41 Blast Furnace
34:37 Stone Shaft Mining
37:43 Fletching
39:39 Bodkin Arrow
43:54 Crop Rotation
43:55 Pikeman
MISTER COLLEJAS
12:36 Feudal Age
13:23 Town Watch
16:13 Castle Age
14:44 Double-Bit Axe
16:05 Loom
17:07 Bow Saw
20:52 Wheelbarrow
21:02 Horse Collar
23:33 Heavy Plow
27:17 Hand Cart
30:29 Imperial Age
28:05 Gold Mining
28:41 Scale Mail Armor
28:52 Forging
29:11 Squires
28:57 Arson
30:05 Stone Mining
30:55 Chain Mail Armor
32:15 Conscription
31:30 Elite Ghulam
32:14 Grand Trunk Road
32:52 Ballistics
33:32 Chemistry
32:27 Fletching
33:55 Bodkin Arrow
35:26 Town Patrol
36:04 Stone Shaft Mining
35:34 Bracer
38:05 Iron Casting
42:35 Two-Man Saw
43:08 Scale Barding Armor
43:34 Bloodlines
44:30 Chain Barding Armor
44:11 Husbandry
43:37 Heavy Camel Rider
45:48 Blast Furnace
SlopMasta
11:28 Feudal Age
11:57 Double-Bit Axe
16:09 Stone Mining
18:45 Castle Age
17:13 Horse Collar
18:59 Loom
19:37 Heavy Plow
24:39 Wheelbarrow
25:55 Fletching
26:02 Town Watch
26:35 Bow Saw
27:34 Bodkin Arrow
28:57 Padded Archer Armor
29:50 Ballistics
29:12 Treadmill Crane
29:27 Murder Holes
30:54 Hand Cart
31:43 Masonry
31:51 Gold Mining
33:04 Thumb Ring
33:55 Stone Shaft Mining
33:38 Leather Archer Armor
36:58 Imperial Age
35:46 Bloodlines
34:57 Light Cavalry
35:37 Husbandry
36:16 Scale Barding Armor
36:21 Forging
36:45 Silk Road
37:46 Bracer
38:13 Conscription
38:59 Chemistry
38:31 Architecture
39:27 Crop Rotation
38:23 Pikeman
39:26 Elite Genoese Crossbowman
42:22 Two-Man Saw
42:04 Scale Mail Armor
44:14 Ring Archer Armor
Connection lost

Rejoining the realm…

Still unreachable

The connection could not be restored.

Session expired

The server has moved on; the page needs a fresh start.